 Dungeon Crawl Stone Soup version 0.24.0-13-gcf9b319 (webtiles) character file.

Game seed: 4877788444285738150, levelgen mode: deterministic

12479 Gingerlord the Fighter (level 11, -7/72 HPs)
             Began as a Gargoyle Fighter on Apr 12, 2020.
             Was a High Priest of Okawaru.
             Mangled by an eight-headed hydra (8 damage)
             ... on level 2 of the Lair of Beasts.
             The game lasted 00:26:08 (8283 turns).

Gingerlord the Fighter (Gargoyle Fighter)           Turns: 8283, Time: 00:26:09

Health: -7/72      AC: 24    Str: 22    XL:     11   Next: 94%
Magic:  17/17      EV:  9    Int:  9    God:    Okawaru [*****.]
Gold:   470        SH: 11    Dex: 15    Spells: 10/10 levels left

rFire    + . .     SeeInvis .   A - +6 broad axe of Umielijy {chop, rPois rC+ Str+2}
rCold    . . .     Gourm    .   i - +0 shield
rNeg     + . .     Faith    .   z - +0 chain mail
rPois    ∞         Spirit   .   e - +0 helmet
rElec    +         Reflect  .   h - +0 cloak
rCorr    +         Harm     .   d - +1 pair of gloves {Dex+3}
MR       .....                  (no boots)
Stlth    ..........             y - amulet of magic regeneration
HPRegen  0.22/turn              w - ring of fire
MPRegen  0.40/turn              x - ring of resist corrosion

@: no status effects
A: negative energy resistance 1, electricity resistance, unbreathing,
petrification resistance, rot immunity, AC +8
a: Heroism, Finesse, Renounce Religion


You were on level 2 of the Lair of Beasts.
You worshipped Okawaru.
Okawaru was extremely pleased with you.
You were not hungry.

You visited 3 branches of the dungeon, and saw 12 of its levels.
You also visited: Ossuary.

You collected 470 gold pieces.

Inventory:

Hand Weapons
 v - a +2 battleaxe of flaming
 A - the +6 broad axe of Umielijy (weapon) {chop, rPois rC+ Str+2}
   (Okawaru gifted it to you on level 8 of the Dungeon)

   It inflicts extra damage upon your enemies.
   It affects your strength (+2).
   It protects you from cold.
   It protects you from poison.
 B - a +4 broad axe of venom
Armour
 d - a +1 pair of gloves of dexterity (worn)
 e - a +0 helmet (worn)
 h - a +0 cloak (worn)
 i - a +0 shield (worn)
 z - a +0 chain mail (worn)
Jewellery
 w - a ring of fire (left hand)
 x - a ring of resist corrosion (right hand)
 y - an amulet of magic regeneration (around neck)
 D - an uncursed ring of see invisible {unknown}
Wands
 r - a wand of random effects (11)
Scrolls
 a - 4 scrolls of enchant armour
 g - 6 scrolls of identify
 j - 3 scrolls of remove curse
 l - 5 scrolls of teleportation
 m - 2 scrolls of amnesia
 q - a scroll of fog
 s - a scroll of magic mapping {unknown}
Potions
 b - a potion of berserk rage
 c - a potion of haste {unknown}
 k - 2 potions of cancellation
 n - a potion of resistance
 o - a potion of agility
 p - 2 potions of invisibility
 t - 3 potions of might
 u - 2 potions of heal wounds
 C - a potion of curing {unknown}
Comestibles
 f - 28 rations


   Skills:
 + Level 10.0 Fighting
 + Level 8.1 Axes
 + Level 9.9 Armour
 - Level 5.0 Dodging
 + Level 7.3 Shields
 + Level 8.4 Invocations


You had 10 spell levels left.
You didn't know any spells.
Your spell library contained the following spells:

 Spells                   Type           Power        Failure   Level  Hunger
 Beastly Appendage        Tmut           #.....       100%        1    ##.....
 Sticks to Snakes         Tmut           #.......     100%        2    ###....
 Spider Form              Tmut/Pois      #.........   100%        3    ####...
 Ice Form                 Ice/Tmut       #.......     100%        4    #####..
 Blade Hands              Tmut           #.........   100%        5    ######.


Dungeon Overview and Level Annotations

Branches:
Dungeon (9/15)             Temple (1/1) D:4            Lair (2/6) D:9
 Shoals (0/4) Lair:2      Ossuary (visited)
  Snake: Lair:2-4    Spider: Lair:2-4       Orc: D:9-12

Altars:
Ashenzari
Cheibriados
Dithmenos
Elyvilon
Fedhas
Gozag
Hepliaklqana
Kikubaaqudgha
Makhleb
Nemelex Xobeh
Okawaru
Qazlal
Ru
Sif Muna
Trog
Uskayaw
Vehumet
Wu Jian
Xom
Yredelemnul
Zin
The Shining One
Lugonu

Annotations:
D:6 exclusion: statue


Innate Abilities, Weirdness & Mutations

You are resistant to torment.
Your stone body is resilient. (AC +8)
You are immune to poison.
You resist negative energy. (rN+)
You are resistant to electric shocks. (rElec)
You can survive without breathing.
You are immune to petrification.
You are immune to rotting.


Message History

The eight-headed hydra bites you but does no damage.
The eight-headed hydra completely misses you.
The eight-headed hydra bites you.
* * * LOW HITPOINT WARNING * * *
You continue taking off your +0 shield.
You block the eight-headed hydra's attack.
The eight-headed hydra barely misses you.
You block the eight-headed hydra's attack.
The eight-headed hydra bites you but does no damage. x2
You block the eight-headed hydra's attack. x2
The eight-headed hydra bites you but does no damage.
You continue taking off your +0 shield.
The eight-headed hydra bites you.
* * * LOW HITPOINT WARNING * * *
The eight-headed hydra bites you.
* * * LOW HITPOINT WARNING * * *
You block the eight-headed hydra's attack.
The eight-headed hydra bites you but does no damage.
The eight-headed hydra bites you!
You die...

##...#..######..####
#....#..P##.##...###
###.................
#.................
#...............P.
#.#########.......
#.# #....... #.#
#....P.. #@##
#....... #DP#
#....... #.........
#....... ##.#......
+......P
#.###.#####.......
..# .# .........P
#.. . .......... ...
.........†) #..
.......)((


You could see an eight-headed hydra.

Vanquished Creatures
  2 two-headed ogres
  3 spiny frogs
  A komodo dragon (Lair:1)
  A hornet (D:9)
  Prince Ribbit (D:6)
  Grinder (D:4)
  2 hippogriffs
  3 blink frogs (Lair:1)
  16 yaks
  A hungry ghost (D:9)
  Edmund (D:4)
  2 soldier ants (D:9)
  2 water moccasins
  3 porcupines (Lair:1)
  An orc warrior (D:9)
  3 sky beasts
  A phantom (D:5)
  A necrophage (D:6)
  2 ice beasts (D:5)
  7 ogres
  7 centaurs
  3 crocodiles
  Blork the orc (D:4)
  2 big kobolds
  6 bullfrogs
  A gnoll sergeant (D:7)
  4 scorpions
  4 killer bees (D:8)
  10 wights
  A howler monkey (D:6)
  3 jellies
  4 crimson imps
  A bullfrog zombie (D:7)
  3 centaur zombies (Ossuary)
  6 hounds
  3 human zombies (Ossuary)
  7 orc priests
  2 bullfrog skeletons
  7 orc wizards
  A centaur skeleton (D:9)
  9 worker ants
  A big kobold zombie (Ossuary)
  2 mummies (Ossuary)
  A hound skeleton (D:5)
  2 worker ant zombies
  Robin (D:4)
  3 gnolls (D:7)
  14 adders
  A shadow imp (D:7)
  2 oozes
  3 adder skeletons
  8 worms
  A dart slug (D:1)
  3 leopard geckos
  31 orcs
  3 ball pythons
  11 bats
  5 giant cockroaches
  12 goblins
  7 hobgoblins
  11 jackals
  3 quokkas
  5 frilled lizards
  14 hobgoblin zombies (Ossuary)
  A jackal zombie (Ossuary)
  15 kobolds
  4 kobold zombies (Ossuary)
  A leopard gecko zombie (D:6)
  9 orc zombies (Ossuary)
  2 quokka skeletons
  2 quokka zombies (D:5)
  7 rats
  2 rat zombies (Ossuary)
  A spectral orc (D:9)
327 creatures vanquished.

Notes
Turn   | Place    | Note
-------+----------+-------------------------------------------
     0 | D:1      | Gingerlord the Gargoyle Fighter began the quest for the
                  | Orb.
     0 | D:1      | Reached XP level 1. HP: 14/14 MP: 1/1
    47 | D:1      | Reached XP level 2. HP: 16/19 MP: 2/2
   321 | D:1      | Reached XP level 3. HP: 19/23 MP: 3/3
  1148 | D:2      | Found a blossoming altar of Fedhas.
  1160 | D:2      | Reached XP level 4. HP: 26/29 MP: 4/4
  1448 | D:3      | Reached skill level 4 in Fighting
  1525 | D:3      | Reached XP level 5. HP: 11/33 MP: 5/5
  1839 | D:3      | Found a hazy altar of Hepliaklqana.
  2101 | D:3      | Found an opulent altar of Gozag.
  2103 | D:3      | Found a shimmering altar of Xom.
  2290 | D:4      | Noticed Robin
  2316 | D:3      | Reached XP level 6. HP: 35/39 MP: 6/6
  2332 | D:4      | Killed Robin
  2353 | D:4      | Found a staircase to the Ecumenical Temple.
  2354 | D:4      | Noticed Grinder
  2379 | D:4      | Killed Grinder
  2379 | D:4      | Reached skill level 5 in Shields
  2393 | D:4      | Reached skill level 5 in Fighting
  2393 | D:4      | Reached skill level 5 in Armour
  2393 | D:4      | Reached XP level 7. HP: 42/44 MP: 7/7
  2401 | Temple   | Entered the Ecumenical Temple
  2438 | Temple   | Became a worshipper of Warmaster Okawaru
  2486 | D:4      | Noticed Edmund
  2534 | D:4      | Noticed Blork the orc
  2547 | D:4      | Killed Blork the orc
  2853 | D:5      | Entered Level 5 of the Dungeon
  2862 | D:5      | Reached skill level 1 in Dodging
  2862 | D:5      | Reached skill level 1 in Invocations
  2882 | D:5      | Found a white marble altar of Elyvilon.
  2968 | D:5      | Reached * piety under Okawaru
  2968 | D:5      | Reached XP level 8. HP: 42/51 MP: 9/9
  3159 | D:5      | Reached skill level 6 in Fighting
  3244 | D:5      | Found a hazy altar of Hepliaklqana.
  3334 | D:5      | Found a sand-covered staircase.
  3343 | Ossuary  | Entered an ossuary
  3458 | Ossuary  | Reached ** piety under Okawaru
  3465 | Ossuary  | Reached skill level 5 in Axes
  3609 | D:5      | Reached XP level 9. HP: 33/56 MP: 11/11
  3923 | D:4      | Killed Edmund
  4083 | D:4      | Found a sparkling altar of Nemelex Xobeh.
  4125 | D:6      | Reached skill level 7 in Fighting
  4215 | D:6      | Found a shattered altar of Ashenzari.
  4281 | D:6      | Reached *** piety under Okawaru
  4397 | D:6      | Found a blossoming altar of Fedhas.
  4399 | D:6      | Found a stormy altar of Qazlal.
  4477 | D:6      | Found a radiant altar of Vehumet.
  4603 | D:6      | Noticed Prince Ribbit
  4619 | D:6      | Killed Prince Ribbit
  4706 | D:6      | Reached skill level 5 in Invocations
  5115 | D:7      | Noticed a two-headed ogre
  5122 | D:7      | Killed a two-headed ogre
  5122 | D:7      | Reached **** piety under Okawaru
  5122 | D:7      | Reached XP level 10. HP: 29/64 MP: 12/14
  5320 | D:7      | Reached skill level 8 in Fighting
  5910 | D:8      | Reached ***** piety under Okawaru
  6062 | D:8      | Noticed a two-headed ogre
  6082 | D:8      | Killed a two-headed ogre
  6082 | D:8      | Received a gift from Okawaru
  6082 | D:8      | Reached skill level 5 in Dodging
  6083 | D:8      | Got a bloodstained broad axe {god gift}
  6084 | D:8      | Identified the +6 broad axe of Umielijy {chop, rPois rC+
                  | Str+2} (Okawaru gifted it to you on level 8 of the Dungeon)
  6490 | D:9      | Found a snail-covered altar of Cheibriados.
  6578 | D:9      | Found a basalt altar of Yredelemnul.
  6625 | D:9      | Found a bloodstained altar of Trog.
  6708 | D:9      | Reached XP level 11. HP: 53/69 MP: 16/16
  6714 | D:9      | Reached skill level 9 in Fighting
  6952 | D:9      | Found a staircase to the Lair.
  7075 | D:9      | Found an ancient bone altar of Kikubaaqudgha.
  7080 | D:9      | Found a hide-covered altar of Uskayaw.
  7083 | D:9      | Found a glowing silver altar of Zin.
  7091 | D:9      | Found an ornate altar of the Wu Jian Council.
  7347 | Lair:1   | Entered Level 1 of the Lair of Beasts
  7646 | Lair:1   | Received a gift from Okawaru
  8053 | Lair:2   | Reached skill level 10 in Fighting
  8058 | Lair:2   | Found a staircase to the Shoals.
  8272 | Lair:2   | Noticed a six-headed hydra
  8283 | Lair:2   | HP: 1/72 [eight-headed hydra (6)]
  8283 | Lair:2   | Mangled by an eight-headed hydra

Levels and vault maps discovered:
D:1:      psy_arrival_statuary, layout_loops_corners
D:2:      layout_rooms, fedhas_altar_2
D:3:      layout_loops_corners, lemuel_doored_altar,
          chequers_temple_overflow_statue_of_worship
D:4:      layout_cave_pools, kennysheep_mini_moat, minmay_temple_entry_ruins,
          uniq_edmund, uniq_grinder, uniq_blork_the_orc, uniq_robin
D:5:      layout_loops_corners, overflow_temple_1_default, first_ration,
          enter_ossuary_1, basic_altar
D:6:      layout_gridville, grunt_temple_overflow_forces_of_nature,
          vehumet_statue, evilmike_ruin_ashenzari, uniq_prince_ribbit1
D:7:      layout_loops_ring
D:8:      layout_basic
D:9:      layout_irregular_city, yredelemnul_forgotten_temple_becter,
          lightli_temple_of_fire, cheibrodos_worm_habitat,
          grunt_temple_overflow_cloverleaf, lair_entry_dummy,
          hangedman_pestilent_swarm
Temple:   corrupted_temple
Lair:1:   layout_loops_ring, infiniplex_staircase_pool_2, lemuel_fruit_tree,
          minmay_lair_oklob_chamber
Lair:2:   layout_regular_city, minmay_shoals_entry_centaurs

Skill      XL: |  1  2  3  4  5  6  7  8  9 10 11 |
---------------+----------------------------------+-----
Axes           | 2 3 4 5 6 7 8 |  8.1
Shields        | 4 5 7 |  7.3
Armour         | 4 5 6 7 8 9 |  9.9
Fighting       | 4 5 6 7 8 10 | 10.0
Dodging        | 1 2 4 5 |  5.0
Invocations    | 2 3 5 7 8 |  8.4

Action                   |  1- 3 |  4- 6 |  7- 9 | 10-12 || total
-------------------------+-------+-------+-------+-------++-------
Melee: War axe           |   166 |   174 |    24 |       ||   364
       Battleaxe         |       |       |   248 |   149 ||   397
       Broad axe         |       |       |       |   212 ||   212
Evoke: Wand              |       |       |     2 |       ||     2
  Use: Potion            |       |     3 |       |       ||     3
       Scroll            |       |       |    11 |     4 ||    15
  Eat: Chunk             |     1 |     5 |     9 |    10 ||    25
       Ration            |       |       |       |     1 ||     1
Armor: Scale mail        |   103 |    82 |    51 |       ||   236
       Chain mail        |       |       |   118 |   258 ||   376
Dodge: Dodged            |    60 |    55 |   134 |   194 ||   443
Block: Shield            |   121 |   101 |    12 |   145 ||   379
